 Dungeon Crawl Stone Soup version 0.18-a0-1426-g3b9a63c (webtiles) character file.

134 namelastname112 the Insei (level 4, -1/35 HPs)
             Began as a Draconian Transmuter on Feb 27, 2016.
             Slain by a jackal (2 damage)
             ... on level 3 of the Dungeon.
             The game lasted 00:02:53 (1720 turns).

namelastname112 the Insei (Draconian Transmuter)    Turns: 1720, Time: 00:02:53

Health: -1/35      AC:  5    Str: 12    XL:     4   Next: 95%
Magic:  2/7        EV: 12    Int: 14    God:
Gold:   118        SH:  0    Dex:  8    Spells: 1 memorised, 5 levels left

rFire  . . .     SeeInvis .     f - +2 dagger (elec)
rCold  . . .     Gourm    .     (armour unavailable)
rNeg   . . .     Faith    .     (no shield)
rPois  +         Spirit   .     (helmet restricted)
rElec  .         Dismiss  .     (no cloak)
rCorr  .         Reflect  .     (no gloves)
SustAt .         Harm     .     (no boots)
MR     .....                    (no amulet)
Stlth  +.........               o - -4 ring of dexterity (curse)
                                g - ring of poison resistance

@: not resistant to hostile enchantments, very unstealthy
A: unfitting armour, cold-blooded, AC +5
a: no special abilities


You were on level 3 of the Dungeon.
You were very hungry.

You visited 1 branch of the dungeon, and saw 3 of its levels.

You collected 118 gold pieces.

Inventory:

Hand Weapons
 f - a +2 dagger of electrocution (weapon)
Missiles
 a - 27 arrows
Jewellery
 g - a ring of poison resistance (left hand)
 o - a cursed -4 ring of dexterity (right hand)
Scrolls
 e - 2 scrolls of identify
 l - a scroll of enchant weapon {unknown}
 n - a scroll of fog {unknown}
 p - a scroll of enchant armour {unknown}
 q - 2 scrolls of amnesia
Potions
 i - 4 potions of haste
 j - 2 potions of heal wounds {unknown}
 k - a potion of cure mutation {unknown}
Books
 b - a book of Changes

   Spells                             Type                      Level
   a - Beastly Appendage              Transmutation                1
   b - Sticks to Snakes               Transmutation                2
   c - Spider Form                    Transmutation/Poison         3
   d - Ice Form                       Ice/Transmutation            4
   e - Blade Hands                    Transmutation                5
Comestibles
 c - 2 bread rations
 m - a beef jerky
 s - a meat ration
 t - a royal jelly


   Skills:
 - Level 1.1 Fighting
 - Level 1.7 Dodging
 + Level 4.4 Unarmed Combat
 - Level 2.0 Spellcasting
 + Level 4.0 Transmutations


You had 5 spell levels left.
You knew the following spells:

 Your Spells              Type           Power        Failure   Level  Hunger
x - Sticks to Snakes      Trmt           ##......     10%         2    ###....


Dungeon Overview and Level Annotations

Branches:
Dungeon (3/15)

Altars:

Annotations:
D:3 Ijyb; namelastname112's ghost, amateur DrTm


Innate Abilities, Weirdness & Mutations

Your plain brown scales are hard (AC +5).
Your body does not fit into most forms of armour.
You are cold-blooded and may be slowed by cold attacks.


Message History

* * * LOW HITPOINT WARNING * * *
The jackal bites you but does no damage.
The orc wizard closely misses you.
You hit the orc wizard.
There is a sudden explosion of sparks!
You kill the orc wizard!
Your Transmutations skill increases to level 4!
The jackal bites you but does no damage. x2
The rat misses you. The jackal barely misses you. The jackal misses you.
You barely miss the goblin.
Your tail-slap misses the goblin.
The rat bites you but does no damage. The goblin hits you but does no damage.
The jackal misses you. x2
You hit the goblin but do no damage. The rat barely misses you.
The jackal bites you but does no damage.
The jackal completely misses you. The goblin closely misses you.
You closely miss the goblin. The jackal bites you.
* * * LOW HITPOINT WARNING * * *
The jackal completely misses you. The rat bites you.
* * * LOW HITPOINT WARNING * * *
The goblin barely misses you. The jackal bites you.
You die...

...........# ........##l#
. .#.. ........##K#
.#.#.#... ........##W#
.#.#.#... ........##.#
..........
.......K##W#####.#......>
......Ko.o.g......<......
......or#####....#.......
......gh@gl.............†
......gh#####..#.......#.
.......g#####............
........##.....##........
........##...SS##........
##########.###g##........
####.###g##........
..........###....<#.
....#.....###.###.#.


You could see 2 orcs, a giant gecko, 2 jackals, 2 hobgoblins, 2 goblins, 2
kobolds and a rat.

Vanquished Creatures
  An orc wizard (D:3)
  3 adders
  An ooze (D:3)
  3 worms
  A dart slug (D:2)
  3 giant geckos
  5 orcs (D:3)
  4 giant cockroaches
  6 goblins
  7 hobgoblins
  6 jackals
  4 kobolds
  A bat (D:1)
  5 giant newts
  5 rats
55 creatures vanquished.

Notes
Turn   | Place    | Note
--------------------------------------------------------------
     0 | D:1      | namelastname112 the Draconian Transmuter began the quest for the Orb.
     0 | D:1      | Reached XP level 1. HP: 16/16 MP: 3/3
   260 | D:1      | Reached XP level 2. HP: 20/23 MP: 5/5
   270 | D:1      | Learned a level 2 spell: Sticks to Snakes
   599 | D:2      | Reached XP level 3. HP: 9/28 MP: 6/6
  1199 | D:2      | Reached XP level 4. HP: 8/35 MP: 7/7
  1669 | D:3      | Noticed Ijyb
  1692 | D:3      | Noticed namelastname112's ghost (amateur DrTm)
  1720 | D:3      | HP: 1/35 [rat (3)]
  1720 | D:3      | Slain by a jackal

Vault maps used:
D:1:      minmay_arrival_jagged
D:2:      serial_aquarium, aquarium_bridge_square, aquarium_bridge_square,
          aquarium_window_corner, aquarium_window_fake, aquarium_window_3,
          aquarium_window_2, aquarium_view_2d
D:3:      uniq_crazy_yiuf_cottage, uniq_iyjb

Skill      XL: |  1  2  3  4 |
---------------+-------------+-----
Transmutations | 3 4 |  4.0
Unarmed Combat | 4 |  4.4
Fighting       | |  1.1
Dodging        | |  1.7
Spellcasting   | |  2.0

Action                   |  1- 3 |  4- 6 || total
-------------------------+-------+-------++-------
Melee: Dagger            |   120 |    49 ||   169
       Unarmed           |     7 |       ||     7
 Cast: Sticks to Snakes  |       |     4 ||     4
  Use: Scroll            |       |     4 ||     4
       Potion            |       |     1 ||     1
  Eat: Chunk             |     1 |     1 ||     2
